 Dungeon Crawl Stone Soup version 0.32-a0-328-gd8048dd28f (webtiles) character file.

Game seed: 1687782922182795753

9076 sanka the Nimble (level 11, -1/84 (87) HPs)
             Began as a Merfolk Alchemist on Feb 16, 2024.
             Was a Priest of Vehumet.
             Shot with an arrow by a centaur warrior (27 damage)
             ... on level 10 of the Dungeon.
             The game lasted 00:26:40 (11351 turns).

sanka the Nimble (Merfolk Alchemist)               Turns: 11351, Time: 00:26:41

HP:   -1/84 (87)    AC:  8    Str:  8    XL:     11   Next: 40%
MP:   23/26         EV: 20    Int: 18    God:    Vehumet [***...]
Gold: 1343          SH:  0    Dex: 16    Spells: 4/18 levels left

rFire   . . .        a - +3 great sword (freeze)
rCold   . . .        (shield currently unavailable)
rNeg    . . .        f - +0 steam dragon scales
rPois   .            v - +2 hat
rElec   .            (no cloak)
rCorr   +            (no gloves)
SInv    .            Q - +0 pair of boots
Will    .....        O - amulet of magic regeneration
Stlth   ++           P - ring of magical power
HPRegen 0.34/turn    L - ring of resist corrosion
MPRegen 0.60/turn

%: no passive effects
@: radiating poison, very slightly contaminated, lightly drained
A: (nimble swimmer 2), mertail
a: Renounce Religion


You were on level 10 of the Dungeon.
You worshipped Vehumet.
Vehumet was most pleased with you.
You visited 3 branches of the dungeon, and saw 12 of its levels.
You also visited: Bailey.

You collected 1343 gold pieces.


Innate Abilities, Weirdness & Mutations

((You are very nimble when in or above water. (Stealth+, EV+, Speed+++)))
Your lower body shifts to a powerful aquatic tail in water.


   Skills:
 + Level 8.3 Fighting
 + Level 13.5 Dodging
 - Level 2.1 Stealth
 - Level 4.0 Spellcasting
 - Level 4.0 Conjurations
 - Level 4.0 Fire Magic
 - Level 12.0 Alchemy


You had 4 spell levels left.
You knew the following spells:

 Your Spells              Type           Power      Damage    Failure   Level
x - Sticky Flame          Fire/Alch      32%        2d7       1%          4
z - Sting                 Conj/Alch      100%       1d9       1%          1
C - Irradiate             Conj/Alch      16%        3d17      4%          5
X - Olgreb's Toxic Radia  Alch           46%        N/A       1%          4

Your spell library contained the following spells:

 Spells                   Type           Power      Damage    Failure   Level
 Brom's Barrelling Bould  Conj/Erth      10%        2d3       17%         4
 Mercury Vapours          Alch/Air       50%        N/A       1%          2
 Mephitic Cloud           Conj/Alch/Air  22%        N/A       1%          3
 Stone Arrow              Conj/Erth      20%        3d8       5%          3
 Petrify                  Alch/Erth      25%        N/A       12%         4
 Apportation              Tloc           6%         N/A       14%         1
 Ensorcelled Hibernation  Hex/Ice        6%         N/A       22%         2
 Jinxbite                 Hex            6%         N/A       22%         2
 Sublimation of Blood     Necr           3%         N/A       22%         2
 Fugue of the Fallen      Necr           3%         N/A       41%         3
 Ozocubu's Armour         Ice            3%         N/A       41%         3
 Manifold Assault         Tloc           3%         N/A       82%         4
 Alistair's Intoxication  Alch           30%        N/A       3%          5
 Freezing Cloud           Conj/Ice/Air   4%         6-21      50%         5
 Borgnjor's Vile Clutch   Necr/Erth      1%         N/A       99%         5

Inventory:

Hand Weapons
 a - a +3 great sword of freezing (weapon)
 b - the +10 falchion of In Flagrante Delicto {heavy, rF++ rC+ Str-2 SInv}

   Str-2:     It affects your strength (-2).
   rF++:      It greatly protects you from fire.
   rC+:       It protects you from cold.
   SInv:      It lets you see invisible.
 S - a +1 eveningstar of protection
Missiles
 p - a throwing net {=f}
 s - 9 curare-tipped darts {=f}
Armour
 f - +0 steam dragon scales (worn)
 q - a +2 leather armour of poison resistance
 u - a +2 robe of cold resistance
 v - a +2 hat (worn)
 Q - a +0 pair of boots (worn)
Jewellery
 L - a ring of resist corrosion (right hand)
 O - an amulet of magic regeneration (around neck)
 P - a ring of magical power (left hand)
Wands
 m - a wand of flame (17)
 r - a wand of polymorph (6)
 E - a wand of mindburst (24)
 G - a wand of paralysis (19)
 I - a wand of light (14)
Scrolls
 c - 2 scrolls of torment {!r}
 d - 4 scrolls of vulnerability {!r}
 e - 3 scrolls of poison {!r}
 k - 6 scrolls of teleportation {@r4}
 l - 2 scrolls of revelation {unknown}
 n - 2 scrolls of blinking
 x - a scroll of immolation {unknown}
 y - 3 scrolls of enchant weapon
 B - a scroll of acquirement {unknown}
 C - 3 scrolls of fear
 F - 3 scrolls of noise {!r}
 H - a scroll of summoning {unknown}
 J - a scroll of amnesia {unknown}
 N - a scroll of brand weapon
 R - 2 scrolls of fog {unknown}
 T - a scroll of silence {unknown}
Potions
 g - 3 potions of cancellation {unknown}
 h - a potion of attraction {unknown}
 i - 4 potions of might {unknown}
 j - a potion of haste {unknown}
 o - 2 potions of brilliance {unknown}
 t - 2 potions of degeneration {unknown}
 w - 3 potions of lignification {unknown}
 z - 4 potions of curing {unknown}
 A - a potion of ambrosia {unknown}
 D - 4 potions of heal wounds {unknown}
 K - a potion of enlightenment {unknown}
 M - 3 potions of magic

Dungeon Overview and Level Annotations

Branches:
Dungeon (10/15)            Temple (1/1) D:6            Lair (1/5) D:8
 Bailey (visited)
    Orc: D:9-12

Altars:
Ashenzari
Cheibriados
Dithmenos
Elyvilon
Fedhas
Gozag
Hepliaklqana
Kikubaaqudgha
Makhleb
Nemelex Xobeh
Okawaru
Qazlal
Ru
Sif Muna
Trog
Uskayaw
Vehumet
Wu Jian
Xom
Yredelemnul
Zin
The Shining One

Shops:
D:1 :   D:3 [

Annotations:
D:6 3 runed translucent doors

.........▒
▒.>..........▒▒▒▒
.▒.▒.▒.▒.▒▒▒.........▒▒▒▒
.........>.†.........▒
.▒.▒.▒.▒..▒▒.........▒
.........▒▒▒.........▒
▒..▒.▒▒▒▒▒ ▒▒▒▒▒▒'▒▒▒▒
▒.... ▒▒.▒ ..▒▒▒ ▒..▒
▒m▒▒ ▒▒▒▒▒†▒▒▒▒▒▒▒
▒...QcB...Y.▒
▒......†.▒Y..
▒..[...$..... .....+
▒.....▒▒▒▒.▒▒ .....▒
+....?▒ .. .....▒ ▒.....▒
Q .....▒ ▒.....▒


You could see a boulder beetle (very poisoned), a centaur warrior (very
poisoned) and a tengu conjurer (very poisoned).


Message History

Unknown command.
You begin to radiate toxic energy.
The tengu conjurer is poisoned.
The centaur warrior is poisoned.
The boulder beetle is poisoned.
The yak looks even sicker.
The yak is poisoned.
The tengu conjurer looks even sicker.
The centaur warrior looks even sicker.
The boulder beetle looks even sicker.
You kill the yak!
Vehumet accepts your kill.
The yak looks even sicker.
The yak gores you.
Unknown command.
Unknown command.
You slash the yak! You freeze the yak!
You kill the yak!
Vehumet accepts your kill.
The tengu conjurer looks even sicker.
The centaur warrior looks even sicker.
The boulder beetle looks even sicker.
The centaur warrior wields a +0 shortbow.
The centaur warrior shoots an arrow.
The arrow hits you!!
* * * LOW HITPOINT WARNING * * *
The centaur warrior shoots an arrow.
The arrow hits you!!
You die...

Action                     |  1- 3 |  4- 6 |  7- 9 | 10-12 || total
---------------------------+-------+-------+-------+-------++-------
  Melee: Unarmed           |     7 |       |       |       ||     7
         Whip              |     3 |    10 |       |       ||    13
         Halberd           |       |       |    73 |       ||    73
         Flail             |       |       |    59 |       ||    59
         Great sword       |       |       |    11 |    81 ||    92
         Falchion          |       |       |       |    15 ||    15
         Tailslap          |       |       |       |     3 ||     3
   Cast: Sting             |    39 |    84 |   128 |       ||   251
         Sticky Flame      |       |       |    44 |    34 ||    78
         Olgreb's Toxic Ra |       |       |     3 |    25 ||    28
         Irradiate         |       |       |       |     1 ||     1
    Use: Scroll            |       |       |       |     9 ||     9
   Stab: Sleeping          |       |       |       |     1 ||     1
 Armour: Robe              |    12 |    20 |   124 |     1 ||   157
         Steam dragon scal |       |       |       |    77 ||    77
  Dodge: Dodged            |     9 |    21 |   137 |   179 ||   346
  Block: Other             |       |     3 |    49 |    25 ||    77
         Reflection        |       |       |       |     2 ||     2

Levels and vault maps discovered:
D:1:      saegor_arrival_simple_c, layout_loops_ring,
          hellmonk_ecumenical_altar_pennies_from_heaven, serial_shops,
          nicolae_book_shop_shelving, minmay_pentomino_s2
D:2:      layout_loops_ring, kennysheep_generic_room_12, uniq_sigmund,
          uniq_jessica, uniq_robin
D:3:      minmay_chambers_of_threes, layout_basic, tso_metal_star, serial_shops,
          nicolae_shop_peninsula
D:4:      layout_rooms, feat_on_display, uniq_menkaure, uniq_grinder
D:5:      layout_basic, minmay_misc_feat_enclosed, roderic_lattice_a,
          uniq_edmund
D:6:      cheibrodos_iron_armory, layout_cave_pools, lemuel_tele_altar
D:7:      layout_basic, serial_demonic, serial_demonic_d, serial_demonic_g,
          serial_demonic_a, serial_demonic_g
D:8:      layout_cave_pools, erik_lair_orcish_takeover, serial_column_ruins,
          column_ruins_circle_large, column_ruins_square_medium,
          column_ruins_columns_T, column_ruins_open_tiny,
          column_ruins_corridor_straight, column_ruins_corridor_straight,
          column_ruins_columns_T, serial_library_hellmonk_secret_room,
          minmay_misc_feat_iff, uniq_grum
D:9:      layout_loops_corners, enter_bailey_2
D:10:     layout_roguey, serial_glass, glass_columns_c, glass_columns_a,
          glass_columns_b, glass_columns_b, glass_columns_c, glass_columns_c,
          minivault_28
Temple:   nicolae_temple_slightly_damp_pantheon
Lair:1:   layout_gridlike, minmay_hedge_maze, lemuel_fruit_tree,
          grunt_megastairs_5, lemuel_fruit_fields, lemuel_fruit_fields,
          serial_bayou_shore_a

Notes
Turn   | Place    | Note
-------+----------+-------------------------------------------
     0 | D:1      | sanka the Merfolk Alchemist began the quest for the Orb.
     0 | D:1      | Reached XP level 1. HP: 13/13 MP: 3/3
    77 | D:1      | Reached skill level 1 in Conjurations
   126 | D:1      | Reached XP level 2. HP: 19/19 MP: 3/5
   344 | D:1      | Found a faded altar of an unknown god.
   373 | D:1      | Found Jutuib's Book Boutique.
   460 | D:1      | Reached XP level 3. HP: 24/24 MP: 0/7
   674 | D:1      | Reached skill level 5 in Alchemy
  1108 | D:2      | Reached skill level 3 in Spellcasting
  1108 | D:2      | Reached XP level 4. HP: 13/30 MP: 1/8
  1701 | D:2      | Noticed Jessica
  1721 | D:2      | Killed Jessica
  1743 | D:2      | Noticed Robin
  1748 | D:2      | Killed Robin
  1754 | D:2      | Reached XP level 5. HP: 32/35 MP: 1/10
  2074 | D:2      | Reached skill level 6 in Alchemy
  2228 | D:2      | Noticed Sigmund
  2295 | D:2      | Killed Sigmund
  2296 | D:2      | Reached skill level 4 in Spellcasting
  2296 | D:2      | Reached skill level 7 in Alchemy
  2296 | D:2      | Reached XP level 6. HP: 17/41 MP: 3/12
  2524 | D:3      | Reached skill level 8 in Alchemy
  2585 | D:3      | Found Sideguot's Armour Emporium.
  2975 | D:3      | Reached XP level 7. HP: 46/46 MP: 2/13
  3218 | D:3      | Reached skill level 9 in Alchemy
  3764 | D:3      | Found a glowing golden altar of the Shining One.
  4105 | D:4      | Noticed Menkaure
  4184 | D:3      | Learned a level 4 spell: Olgreb's Toxic Radiance
  4189 | D:3      | Learned a level 4 spell: Sticky Flame
  4377 | D:4      | Noticed Grinder
  4382 | D:4      | Killed Grinder
  4383 | D:4      | Reached skill level 1 in Fire Magic
  4383 | D:4      | Reached skill level 10 in Alchemy
  4465 | D:4      | Reached XP level 8. HP: 52/52 MP: 9/14
  4646 | D:4      | Killed Menkaure
  4647 | D:4      | Reached skill level 2 in Fire Magic
  4897 | D:5      | Entered Level 5 of the Dungeon
  5104 | D:5      | Noticed Edmund
  5133 | D:5      | Killed Edmund
  5134 | D:5      | Reached skill level 3 in Fire Magic
  5134 | D:5      | Reached skill level 11 in Alchemy
  6049 | D:6      | Found a staircase to the Ecumenical Temple.
  6106 | D:6      | Identified the maw talisman of Devotion {Int-5 Dex+8}
  6138 | D:6      | Found a runed translucent gate.
  6141 | D:6      | Found a runed translucent gate.
  6145 | D:6      | Found a snail-covered altar of Cheibriados.
  6269 | D:6      | Reached skill level 4 in Fire Magic
  6419 | D:6      | Found a runed translucent gate.
  6435 | D:6      | Reached skill level 12 in Alchemy
  6435 | D:6      | Reached skill level 3 in Dodging
  6435 | D:6      | Reached XP level 9. HP: 54/58 MP: 10/15
  6476 | D:6      | Noticed a rust devil
  6494 | D:6      | Reached skill level 1 in Fighting
  6571 | D:6      | Reached skill level 4 in Dodging
  6839 | D:6      | Noticed a rust devil
  6871 | Temple   | Entered the Ecumenical Temple
  6892 | Temple   | Became a worshipper of Vehumet
  6943 | D:7      | Reached skill level 2 in Fighting
  7066 | D:7      | Reached skill level 5 in Dodging
  7249 | D:7      | Reached skill level 6 in Dodging
  7251 | D:7      | Reached skill level 3 in Fighting
  7831 | D:7      | Reached skill level 7 in Dodging
  7945 | D:7      | Reached * piety under Vehumet
  7945 | D:7      | Offered knowledge of Kiss of Death by Vehumet.
  7946 | D:7      | Reached skill level 4 in Fighting
  8054 | D:7      | Reached skill level 8 in Dodging
  8410 | D:8      | Reached skill level 9 in Dodging
  8512 | D:8      | Reached skill level 5 in Fighting
  8512 | D:8      | Reached XP level 10. HP: 74/74 MP: 11/16
  8570 | D:8      | Identified +0 steam dragon scales
  8630 | D:8      | Noticed Grum
  8652 | D:8      | Reached skill level 10 in Dodging
  8658 | D:8      | Killed Grum
  8823 | D:8      | Reached skill level 6 in Fighting
  8944 | D:8      | Found a staircase to the Lair.
  9106 | D:8      | Reached ** piety under Vehumet
  9106 | D:8      | Offered knowledge of Freeze by Vehumet.
  9189 | D:8      | Reached skill level 11 in Dodging
  9523 | Lair:1   | Entered Level 1 of the Lair of Beasts
  9672 | D:9      | Found a flagged portal.
  9720 | Bailey   | Entered a bailey
  9732 | Bailey   | Offered knowledge of Dazzling Flash by Vehumet.
  9894 | Bailey   | Got the Omnibus of Autotheism
  9918 | Bailey   | Reached skill level 7 in Fighting
  9918 | Bailey   | Reached skill level 12 in Dodging
  9985 | Bailey   | Reached *** piety under Vehumet
 10085 | Bailey   | Found an iron altar of Okawaru.
 10153 | D:9      | Identified the +10 falchion of In Flagrante Delicto {heavy,
                  | rF++ rC+ Str-2 SInv}
 10578 | D:9      | Learned a level 5 spell: Irradiate
 10696 | D:9      | Reached XP level 11. HP: 84/84 MP: 17/17
 10924 | D:9      | Reached skill level 2 in Conjurations
 11003 | D:10     | Entered Level 10 of the Dungeon
 11019 | D:10     | Offered knowledge of Brom's Barrelling Boulder by Vehumet.
 11023 | D:10     | Reached skill level 3 in Conjurations
 11091 | D:10     | Identified the +3 war axe of the Thing {freeze, rC+}
 11257 | D:10     | Reached skill level 4 in Conjurations
 11259 | D:10     | Reached skill level 13 in Dodging
 11342 | D:10     | Reached skill level 8 in Fighting
 11342 | D:10     | Noticed a centaur warrior
 11348 | D:10     | Noticed a boulder beetle
 11351 | D:10     | Shot with an arrow by a centaur warrior

Vanquished Creatures
  Grinder (D:4)
  Sigmund (D:2)
  A vampire (D:9)
  3 wyverns
  11 yaks (D:10)
  A wraith (D:9)
  A steam dragon (D:8)
  6 vampire mosquitoes (D:10)
  Grum (D:8)
  Menkaure (D:4)
  Edmund (D:5)
  An acid dragon (D:9)
  8 orc warriors
  A black bear (D:7)
  A sky beast (D:8)
  A laughing skull (D:10)
  6 wolves (D:8)
  An ogre (D:3)
  4 phantoms
  2 centaurs (D:9)
  9 kobold brigands
  A scorpion (D:6)
  22 wights
  5 howler monkeys
  A quasit (D:7)
  2 jellies
  3 orc priests
  4 hounds
  4 sleepcaps
  Jessica (D:2)
  9 orc wizards
  An iguana (D:6)
  Robin (D:2)
  5 gnolls
  4 adders
  7 shadow imps
  5 white imps
  4 ufetubi (D:7)
  A dart slug (D:4)
  2 ribbon worms (D:2)
  27 orcs
  6 bats
  8 endoplasms
  3 giant cockroaches
  18 goblins
  7 hobgoblins
  2 quokkas (D:3)
  8 ball pythons
  6 frilled lizards
  15 kobolds
  7 rats
251 creatures vanquished.
